 Dungeon Sprint DCSS version 0.21-a0-297-ga3d34c2 (webtiles) character file.

8904 potatolord6000 the Martial Artist (level 11, -6/110 HPs)
             Began as a Gnoll Transmuter on Sept 28, 2017.
             Was a High Priest of Sif Muna.
             Mangled by a merfolk impaler
             ... wielding a +0 trident
              (15 damage)
             ... in the Dungeon (Sprint VII: "The Pits").
             The game lasted 00:11:16 (2097 turns).

potatolord6000 the Martial Artist (GnTm)            Turns: 2097, Time: 00:11:17

Health: -6/110     AC: 11    Str: 15    XL:     11   Next: 38%
Magic:  23/26      EV: 16    Int: 19    God:    Sif Muna [*****.]
Gold:   0          SH:  0    Dex: 15    Spells: 11/32 levels left

rFire    x . .     SeeInvis .     - Unarmed
rCold    + + +     Gourm    .   (shield currently unavailable)
rNeg     . . .     Faith    .   (armour currently unavailable)
rPois    +         Spirit   .   (helmet currently unavailable)
rElec    .         Reflect  .   (cloak currently unavailable)
rCorr    .         Harm     .   (gloves currently unavailable)
MR       .....     NoTele   +   (boots currently unavailable)
Stlth    ++++......             (no amulet)
HPRegen  0.28/turn              r - +3 ring of protection
MPRegen  0.20/turn              a - ring "Tahiathre" {+Fly rPois rC+ Int+2}

@: ice-form
A: distributed training, strong nose
a: End Transformation, Divine Energy, Channel Magic, Forget Spell, Renounce
Religion, Evoke Flight


You were in the Dungeon.
You worshipped Sif Muna.
Sif Muna was extremely pleased with you.
You were not hungry.
You were a creature of crystalline ice.
You visited 1 branch

Inventory:

Armour
 q - a +1 hat (melded)
 w - a +5 ring mail (melded)
 x - a +0 pair of boots (melded)
Jewellery
 a - the ring "Tahiathre" (right front paw) {+Fly rPois rC+ Int+2}
   (You found it in the Dungeon)

   [ring of flight]

   It affects your intelligence (+2).
   It protects you from cold.
   It protects you from poison.
   It lets you fly.
 r - a +3 ring of protection (left front paw)
 s - a +3 ring of strength
Scrolls
 j - a scroll of blinking
 l - 3 scrolls of remove curse
 m - 3 scrolls of amnesia
 n - a scroll of summoning
Potions
 f - 3 potions of curing
 h - 3 potions of magic
 u - a potion of brilliance
Books
 b - Sif Muna's Handbook of Lethal Dislocation
   (Sif Muna gifted it to you in the Dungeon)

   Spells                             Type                      Level
   a - Stone Arrow                    Conjuration/Earth            3
   b - Iskenderun's Mystic Blast      Conjuration                  4
   c - Iskenderun's Battlesphere      Conjuration/Charms           5
   d - Freezing Cloud                 Conjuration/Ice/Air          6
   e - Disjunction                    Translocation                8
 c - a book of Changes

   Spells                             Type                      Level
   a - Beastly Appendage              Transmutation                1
   b - Sticks to Snakes               Transmutation                2
   c - Spider Form                    Transmutation/Poison         3
   d - Ice Form                       Ice/Transmutation            4
   e - Blade Hands                    Transmutation                5
 i - Sif Muna's Primer on Witchcraft
   (Sif Muna gifted it to you in the Dungeon)

   Spells                             Type                      Level
   a - Ignite Poison                  Fire/Transmutation/Poison    3
   b - Portal Projectile              Hexes/Translocation          3
   c - Inner Flame                    Hexes/Fire                   3
   d - Spectral Weapon                Hexes/Charms                 3
   e - Lesser Beckoning               Translocation                3
Comestibles
 d - 8 bread rations
 o - 40 fruits
 p - 5 meat rations


   Skills:
 + Level 10.3 Fighting
 + Level 9.0 Short Blades
 + Level 9.5 Long Blades
 + Level 9.9 Axes
 + Level 10.0 Maces & Flails
 + Level 9.7 Polearms
 + Level 10.3 Staves
 + Level 10.1 Slings
 + Level 10.1 Bows
 + Level 10.1 Crossbows
 + Level 9.7 Throwing
 + Level 10.5 Armour
 + Level 10.5 Dodging
 + Level 9.6 Stealth
   Level 0.0 Stabbing
 + Level 9.7 Shields
   Level 0.0 Traps
 + Level 12.0 Unarmed Combat
 + Level 11.3 Spellcasting
 + Level 9.4 Conjurations
 + Level 9.3 Hexes
 + Level 9.2 Charms
 + Level 10.6 Summonings
 + Level 9.5 Necromancy
 + Level 9.4 Translocations
 + Level 10.4 Transmutations
 + Level 9.4 Fire Magic
 + Level 9.7 Ice Magic
 + Level 9.9 Air Magic
 + Level 9.4 Earth Magic
   Level 9.9 Poison Magic
 + Level 9.7 Invocations
 + Level 9.0 Evocations


You had 11 spell levels left.
You knew the following spells:

 Your Spells              Type           Power        Failure   Level  Hunger
a - Iskenderun's Mystic   Conj           #####...     1%          4    ##.....
b - Stone Arrow           Conj/Erth      #####.       1%          3    None
c - Ice Form              Ice/Tmut       #####...     1%          4    ##.....
d - Blade Hands           Tmut           ######....   2%          5    ####...
e - Iskenderun's Battles  Conj/Chrm      #####...     3%          5    ####...


Dungeon Overview and Level Annotations

Branches:
Dungeon (1/1)

Altars:
Ashenzari
Cheibriados
Dithmenos
Elyvilon
Fedhas
Gozag
Hepliaklqana
Kikubaaqudgha
Makhleb
Nemelex Xobeh
Okawaru
Qazlal
Ru
Sif Muna
Trog
Uskayaw
Vehumet
Wu Jian
Xom
Yredelemnul
Zin
The Shining One
Beogh
Jiyva
Lugonu

Annotations:
D Sigmund


Innate Abilities, Weirdness & Mutations

Your experience applies equally to all skills.
((You have very sharp teeth.))
Your uncanny sense of smell can sniff out nearby items.


Message History

Unknown command.
Casting: Iskenderun's Mystic Blast
Confirm with . or Enter, or press ? or * to list all spells.
Your hands revert to their normal proportions.
You turn into a creature of crystalline ice.
Your +1 hat melds into your body.
Your +0 pair of boots melds into your body.
Your +5 ring mail melds into your body.
The merfolk impaler closely misses you.
The skeletal warrior closely misses you.
The skeletal warrior hits you from afar with a halberd of pain!!
* * * LOW HITPOINT WARNING * * *
Unknown command.
Unknown command.
Unknown command.
Unknown command.
You pummel the skeletal warrior!!
The skeletal warrior is almost destroyed.
The merfolk impaler closely misses you.
The merfolk impaler hits you from afar with a trident!
You die...

#''######
#''################
#..#...):.........# .
#..##...))†........ .#
#..####...#+######. ...
#..#..#####.##...##+## .#.#
#..#....##...#...#..*# .....
#..'.....#...#)..#mmz#.z....
#(.'))...'...'..Yzzm.z4a....
#..')....#...#...#R..#.{....
#..#....##...#...#...# .....
#..#..#####÷##...##'## .#.#
#..####..5#)######... ...
#..##...†......5o..#.. .#
#..#........)..3..###.. .
################### ###


You could see a merfolk impaler, 5 skeletal warriors, 2 merfolk, a hellwing, an
efreet, a worker ant and a friendly battlesphere.

Vanquished Creatures
  Gastronok (D)
  A nagaraja (D)
  A merfolk avatar (D)
  An orc high priest (D)
  A wizard (D)
  A rust devil (D)
  A molten gargoyle (D)
  2 spiny frogs (D)
  A kobold demonologist (D)
  A rime drake (D)
  A red devil (D)
  A tyrant leech (D)
  A flying skull (D)
  2 tarantellas (D)
  3 yaks (D)
  2 vampire mosquitoes (D)
  A hungry ghost (D)
  A soldier ant (D)
  A porcupine (D)
  A black bear (D)
  4 orc warriors (D)
  An ogre (D)
  A crimson imp (D)
  A hound (D)
  A jelly (D)
  A worker ant (D)
  A mummy (D)
  A gnoll (D)
  2 river rats (D)
  A white imp (D)
  3 ufetubi (D)
  An ooze (D)
  8 orcs (D)
  A ball python (D)
  2 bats (D)
  A bat skeleton (D)
  A goblin (D)
  A quokka (D)
  A bat simulacrum (D)
  A frilled lizard (D)
59 creatures vanquished.

Vanquished Creatures (others)
  An orc (D)
1 creature vanquished.

Grand Total: 60 creatures vanquished

Notes
Turn   | Place    | Note
-------+----------+-------------------------------------------
     0 | D        | potatolord6000 the Gnoll Transmuter began the quest for the Orb.
     0 | D        | Reached XP level 1. HP: 17/17 MP: 6/6
    18 | D        | Reached skill level 1 in Long Blades
    18 | D        | Reached skill level 1 in Axes
    18 | D        | Reached skill level 1 in Maces & Flails
    18 | D        | Reached skill level 1 in Staves
    18 | D        | Reached skill level 1 in Slings
    18 | D        | Reached skill level 1 in Armour
    18 | D        | Reached skill level 5 in Spellcasting
    18 | D        | Reached skill level 1 in Charms
    18 | D        | Reached skill level 1 in Necromancy
    18 | D        | Reached skill level 1 in Invocations
    45 | D        | Found a bloodstained altar of Trog.
    45 | D        | Found a deep blue altar of Sif Muna.
    45 | D        | Found a viscous altar of Jiyva.
    45 | D        | Found a hazy altar of Hepliaklqana.
    45 | D        | Found an opulent altar of Gozag.
    46 | D        | Found a glowing golden altar of the Shining One.
    46 | D        | Found a glowing silver altar of Zin.
    46 | D        | Found a basalt altar of Yredelemnul.
    46 | D        | Found a shimmering altar of Xom.
    46 | D        | Found an ornate altar of the Wu Jian Council.
    46 | D        | Found a sacrificial altar of Ru.
    46 | D        | Found a stormy altar of Qazlal.
    46 | D        | Found an iron altar of Okawaru.
    46 | D        | Found a sparkling altar of Nemelex Xobeh.
    46 | D        | Found a burning altar of Makhleb.
    46 | D        | Found a blossoming altar of Fedhas.
    46 | D        | Found a white marble altar of Elyvilon.
    46 | D        | Found a shadowy altar of Dithmenos.
    46 | D        | Found a snail-covered altar of Cheibriados.
    49 | D        | Found a corrupted altar of Lugonu.
    49 | D        | Found a radiant altar of Vehumet.
    49 | D        | Found a roughly hewn altar of Beogh.
    50 | D        | Found an ancient bone altar of Kikubaaqudgha.
    50 | D        | Found a hide-covered altar of Uskayaw.
    50 | D        | Found a shattered altar of Ashenzari.
    51 | D        | Became a worshipper of Sif Muna the Loreminder
   148 | D        | Reached skill level 1 in Summonings
   148 | D        | Reached skill level 1 in Poison Magic
   148 | D        | Reached XP level 2. HP: 24/24 MP: 6/8
   150 | D        | Reached skill level 1 in Earth Magic
   164 | D        | Reached skill level 1 in Bows
   164 | D        | Reached skill level 1 in Crossbows
   169 | D        | Reached skill level 1 in Fire Magic
   424 | D        | Reached skill level 1 in Stealth
   427 | D        | Reached * piety under Sif Muna
   427 | D        | Reached skill level 1 in Short Blades
   427 | D        | Reached skill level 1 in Polearms
   427 | D        | Reached skill level 1 in Throwing
   427 | D        | Reached skill level 1 in Shields
   427 | D        | Reached skill level 1 in Ice Magic
   427 | D        | Reached XP level 3. HP: 29/29 MP: 7/9
   490 | D        | Learned a level 3 spell: Spider Form
   495 | D        | Noticed a flying skull
   496 | D        | Noticed a porcupine
   500 | D        | Reached skill level 1 in Conjurations
   500 | D        | Reached skill level 1 in Translocations
   509 | D        | HP: 1/29 [porcupine (12)]
   511 | D        | Killed a porcupine
   511 | D        | Reached ** piety under Sif Muna
   511 | D        | Reached skill level 5 in Dodging
   511 | D        | Reached skill level 7 in Unarmed Combat
   511 | D        | Reached skill level 5 in Transmutations
   511 | D        | Reached XP level 4. HP: 35/37 MP: 9/12
   511 | D        | Reached XP level 5. HP: 40/42 MP: 9/13
   527 | D        | Killed a flying skull
   527 | D        | Reached skill level 5 in Fighting
   527 | D        | Reached skill level 5 in Staves
   527 | D        | Reached skill level 5 in Armour
   527 | D        | Reached XP level 6. HP: 18/51 MP: 9/15
   528 | D        | Reached skill level 5 in Maces & Flails
   528 | D        | Reached skill level 5 in Slings
   528 | D        | Reached skill level 8 in Unarmed Combat
   528 | D        | Reached skill level 5 in Summonings
   721 | D        | Learned a level 4 spell: Ice Form
   727 | D        | Learned a level 5 spell: Blade Hands
   745 | D        | Reached *** piety under Sif Muna
   891 | D        | Reached skill level 5 in Axes
   891 | D        | Reached skill level 5 in Crossbows
   891 | D        | Reached skill level 5 in Translocations
   891 | D        | Reached skill level 5 in Poison Magic
   891 | D        | Reached skill level 5 in Invocations
   893 | D        | Noticed a hungry ghost
   893 | D        | Noticed a black bear
   895 | D        | Killed a black bear
   895 | D        | Reached skill level 5 in Long Blades
   895 | D        | Reached XP level 7. HP: 57/57 MP: 12/17
   898 | D        | Reached skill level 5 in Charms
   898 | D        | Reached skill level 5 in Earth Magic
   908 | D        | Killed a hungry ghost
   908 | D        | Reached skill level 5 in Bows
   908 | D        | Reached skill level 5 in Throwing
   908 | D        | Reached skill level 5 in Shields
   908 | D        | Reached skill level 5 in Necromancy
   908 | D        | Reached skill level 5 in Ice Magic
   918 | D        | Noticed Gastronok
   918 | D        | Noticed a spiny frog
   926 | D        | Killed a spiny frog
   926 | D        | Reached **** piety under Sif Muna
   926 | D        | Reached skill level 5 in Short Blades
   926 | D        | Reached skill level 5 in Polearms
   926 | D        | Reached skill level 5 in Stealth
   926 | D        | Reached skill level 9 in Unarmed Combat
   926 | D        | Reached skill level 5 in Conjurations
   926 | D        | Reached skill level 5 in Hexes
   926 | D        | Reached skill level 5 in Fire Magic
   926 | D        | Reached skill level 5 in Air Magic
   926 | D        | Reached skill level 5 in Evocations
   926 | D        | Reached XP level 8. HP: 62/65 MP: 17/20
   932 | D        | Killed Gastronok
   932 | D        | Reached ***** piety under Sif Muna
   932 | D        | Identified Sif Muna's Primer on Witchcraft (Sif Muna gifted it to you in the Dungeon)
   932 | D        | Received a gift from Sif Muna
   932 | D        | Reached skill level 10 in Unarmed Combat
   932 | D        | Reached XP level 9. HP: 73/74 MP: 18/22
  1195 | D        | Noticed a molten gargoyle
  1280 | D        | Killed a molten gargoyle
  1298 | D        | Noticed a nagaraja
  1299 | D        | Noticed a kobold demonologist
  1299 | D        | Noticed a rime drake
  1299 | D        | Noticed a spiny frog
  1303 | D        | Killed a spiny frog
  1303 | D        | Reached XP level 10. HP: 70/82 MP: 15/23
  1313 | D        | Killed a kobold demonologist
  1321 | D        | Killed a nagaraja
  1321 | D        | Received a gift from Sif Muna
  1321 | D        | Reached skill level 11 in Unarmed Combat
  1321 | D        | Reached skill level 10 in Spellcasting
  1393 | D        | Noticed a rust devil
  1404 | D        | Killed a rust devil
  1409 | D        | Noticed a merfolk avatar
  1425 | D        | Killed a merfolk avatar
  1425 | D        | Reached skill level 10 in Dodging
  1429 | D        | Got the ring "Tahiathre" {+Fly rPois rC+ Int+2}
  1748 | D        | Reached skill level 10 in Armour
  1748 | D        | Reached XP level 11. HP: 67/90 MP: 16/25
  1752 | D        | Reached skill level 10 in Summonings
  1752 | D        | Reached skill level 10 in Transmutations
  1771 | D        | Noticed an orc high priest
  1776 | D        | Reached skill level 10 in Fighting
  1785 | D        | Identified Sif Muna's Handbook of Lethal Dislocation (Sif Muna gifted it to you in the Dungeon)
  1785 | D        | Received a gift from Sif Muna
  1785 | D        | Reached skill level 10 in Staves
  1815 | D        | Killed an orc high priest
  1815 | D        | Reached skill level 10 in Slings
  1815 | D        | Reached skill level 10 in Bows
  1815 | D        | Reached skill level 12 in Unarmed Combat
  1824 | D        | Learned a level 4 spell: Iskenderun's Mystic Blast
  1828 | D        | Learned a level 3 spell: Stone Arrow
  1834 | D        | Learned a level 5 spell: Iskenderun's Battlesphere
  1938 | D        | Reached skill level 10 in Crossbows
  2068 | D        | Noticed a skeletal warrior
  2069 | D        | Noticed a wizard
  2069 | D        | Noticed a skeletal warrior
  2070 | D        | Noticed a skeletal warrior
  2070 | D        | Noticed a skeletal warrior
  2074 | D        | Noticed a skeletal warrior
  2074 | D        | Noticed a manticore
  2074 | D        | Noticed a merfolk impaler
  2076 | D        | Noticed Sigmund
  2082 | D        | Killed a wizard
  2082 | D        | Reached skill level 10 in Maces & Flails
  2097 | D        | Mangled by a merfolk impaler

Vault maps used:
D:        pitsprint

Skill      XL: |  1  2  3  4  5  6  7  8  9 10 11 |
---------------+----------------------------------+-----
Long Blades    | 1 2 4 5 6 7 8 9 |  9.5
Axes           | 1 3 4 5 6 7 8 9 |  9.9
Maces & Flails | 1 3 4 5 6 7 8 9 10 | 10.0
Staves         | 2 3 4 5 6 7 8 9 10 | 10.3
Slings         | 1 2 3 4 5 6 8 9 10 | 10.1
Armour         | 2 4 5 6 8 10 | 10.5
Spellcasting   | 5 6 7 8 9 10 11 | 11.3
Charms         | 1 2 3 4 5 7 8 9 |  9.2
Necromancy     | 1 2 3 4 5 7 9 |  9.5
Invocations    | 1 2 3 4 5 6 7 8 9 |  9.7
Fighting       | 3 4 5 6 8 9 10 | 10.3
Summonings     | 1 2 3 4 5 6 8 9 10 | 10.6
Poison Magic   | 1 2 3 4 5 6 7 8 9 |  9.9
Earth Magic    | 1 2 3 4 5 7 8 9 |  9.4
Bows           | 1 3 4 5 7 8 9 10 | 10.1
Crossbows      | 1 3 4 5 6 7 8 9 10 | 10.1
Fire Magic     | 1 2 3 4 5 6 7 8 9 |  9.4
Stealth        | 1 2 3 4 5 7 9 |  9.6
Short Blades   | 1 2 3 4 5 7 8 9 |  9.0
Polearms       | 1 2 3 4 5 7 8 9 |  9.7
Throwing       | 1 2 3 4 5 7 9 |  9.7
Shields        | 1 2 4 5 7 8 9 |  9.7
Ice Magic      | 1 2 4 5 7 9 |  9.7
Conjurations   | 2 4 5 7 8 9 |  9.4
Translocations | 3 4 5 7 8 9 |  9.4
Dodging        | 5 6 7 8 9 10 | 10.5
Unarmed Combat | 7 8 9 10 11 12 | 12.0
Hexes          | 2 3 4 5 7 8 9 |  9.3
Transmutations | 5 6 7 8 9 10 | 10.4
Air Magic      | 2 3 4 5 7 8 9 |  9.9
Evocations     | 2 3 4 5 7 8 9 |  9.0

Action                   |  1- 3 |  4- 6 |  7- 9 | 10-12 || total
-------------------------+-------+-------+-------+-------++-------
Melee: Unarmed           |    35 |    19 |    38 |   113 ||   205
       Headbutt          |     6 |       |       |       ||     6
       Bite              |     3 |       |       |     3 ||     6
       Punch             |       |       |     1 |     2 ||     3
 Cast: Beastly Appendage |     3 |       |       |       ||     3
       Spider Form       |     1 |     2 |       |       ||     3
       Ice Form          |       |     1 |     1 |     3 ||     5
       Blade Hands       |       |       |     3 |     6 ||     9
       Iskenderun's Myst |       |       |       |     4 ||     4
       Iskenderun's Batt |       |       |       |     1 ||     1
  Use: Potion            |     6 |     2 |     5 |    12 ||    25
       Scroll            |       |     2 |       |       ||     2
 Stab: Sleeping          |       |     3 |     1 |       ||     4
       Invisible         |       |       |     1 |     6 ||     7
  Eat: Meat ration       |       |       |     2 |       ||     2
Armor: Robe              |     2 |       |       |       ||     2
       Skin              |       |       |     8 |     5 ||    13
       Ring mail         |       |       |     1 |    14 ||    15
Dodge: Dodged            |    42 |    30 |    28 |    90 ||   190

Table legend:
 A = Spawn XP
 B = Non-spawn XP
 C = Spawn XP percentage of total XP
 D = Spawn monster count
 E = Non-spawn monster count
 F = Spawn count percentage of total count
 G = Total turns spent on level
                    A         B        C        D         E        F      G
               +---------+---------+-------+---------+---------+-------+---------
         Total |       0 |   12720 |   0.0 |       0 |      59 |   0.0 |  2097
               +---------+---------+-------+---------+---------+-------+---------
             D |       0 |   12720 |   0.0 |       0 |      59 |   0.0 |  2097
               +---------+---------+-------+---------+---------+-------+---------
